2878 views
Uploaded 2020-03-06 14:59:10
Game version 1.32.2
28:49 long 3on3 ladder game on (8)Mur'gulOasis_LV
Saved by iggythefisk
2878 views
Uploaded 2020-03-06 14:59:10
Game version 1.32.2
28:49 long 3on3 ladder game on (8)Mur'gulOasis_LV


70 units @ 6.3k
/ 0.4k
207 buildings @ 16.6k
/ 6.2k
⇛
iggythefisk
(28:48) : 

| Potion of Healing | 2 | 300 |
| Orb of Venom | 1 | 325 |
| Boots of Speed | 2 | 500 |
| Staff of Teleportation | 2 | 300 |
| Orb of Corruption | 2 | 750 |
| Staff of Sanctuary | 1 | 250 |
| Scroll of Regeneration | 1 | 100 |
| total: | 11 | 2525g |
| Wisp | 32 | 1920 | / | 0 |
| total: | 32 | 1920g | / | 0w |
| Ancient Protector | 4 | 540 | / | 320 |
| Altar of Elders | 1 | 180 | / | 50 |
| Moon Well | 28 | 5040 | / | 1120 |
| Tree of Life | 1 | 340 | / | 185 |
| Ancient of Wonders | 1 | 90 | / | 30 |
| Hunter's Hall | 1 | 210 | / | 100 |
| Tree of Ages | 1 | 320 | / | 180 |
| Tree of Eternity | 1 | 330 | / | 200 |
| total: | 36 | 6400g | / | 1805w |
| 0:01 | Wisp |
| 0:03 | Altar of Elders |
| 0:11 | Wisp |
| 0:17 | Moon Well |
| 0:19 | Wisp |
| 0:28 | Wisp |
| 0:43 | Wisp |
| 0:59 | Wisp |
| 1:05 | Wisp |
| 1:15 | Wisp |
| 1:38 | Moon Well |
| 1:59 | Wisp |
| 2:11 | Shadow Strike |
| 2:12 | Wisp |
| 2:23 | Wisp |
| 2:44 | Wisp |
| 2:47 | Moon Well |
| 3:00 | Wisp |
| 3:12 | Wisp |
| 3:33 | Wisp |
| 3:48 | Moon Well |
| 4:05 | Wisp |
| 4:11 | Moon Well |
| 4:25 | Wisp |
| 4:47 | Boots of Speed |
| 4:48 | Staff of Teleportation |
| 5:09 | Moon Well |
| 5:41 | Tree of Ages |
| 6:07 | Moon Well |
| 6:13 | Blink |
| 6:20 | Moon Well |
| 7:10 | Moon Well |
| 7:28 | Moon Well |
| 7:47 | Moon Well |
| 8:26 | Moon Well |
| 8:32 | Moon Well |
| 8:40 | Wisp |
| 8:40 | Wisp |
| 9:22 | Wisp |
| 9:22 | Wisp |
| 9:23 | Wisp |
| 9:23 | Wisp |
| 9:38 | Breath of Fire |
| 9:43 | Wisp |
| 9:56 | Wisp |
| 9:56 | Wisp |
| 10:09 | Moon Well |
| 10:24 | Wisp |
| 10:24 | Wisp |
| 10:35 | Potion of Healing |
| 10:48 | Potion of Healing |
| 11:41 | Tree of Life |
| 12:02 | Shadow Strike |
| 12:23 | Boots of Speed |
| 12:23 | Staff of Teleportation |
| 12:44 | Orb of Corruption |
| 13:26 | Tree of Eternity |
| 13:59 | Wisp |
| 13:59 | Wisp |
| 14:31 | Wisp |
| 14:43 | Ancient of Wonders |
| 14:46 | Moon Well |
| 14:50 | Wisp |
| 15:53 | Hunter's Hall |
| 16:11 | Orb of Corruption |
| 16:30 | Orb of Venom |
| 16:42 | Staff of Sanctuary |
| 16:56 | Well Spring |
| 17:22 | Moon Well |
| 17:23 | Moon Well |
| 17:44 | Drunken Haze |
| 17:59 | Moon Well |
| 18:00 | Moon Well |
| 18:41 | Scroll of Regeneration |
| 19:03 | Moon Well |
| 19:10 | Blink |
| 19:17 | Moon Well |
| 19:20 | Moon Well |
| 19:20 | Moon Well |
| 19:22 | Moon Well |
| 19:36 | Nature's Blessing |
| 19:37 | Ultravision |
| 19:49 | Moon Well |
| 20:41 | Breath of Fire |
| 20:49 | Moon Well |
| 22:11 | Drunken Brawler |
| 22:13 | Moon Well |
| 22:33 | Moon Well |
| 24:15 | Ancient Protector |
| 24:21 | Ancient Protector |
| 24:26 | Ancient Protector |
| 24:30 | Ancient Protector |
| 26:13 | Shadow Strike |
| 28:23 | Backpack |
| Right click | 1776 |
| Select group | 593 |
| Assign group | 511 |
| Select | 293 |
| Resource trade | 185 |
| Build/train/purchase | 91 |
| Use ability | 87 |
| Chat | 26 |
| Misc. action | 24 |
| Item give/drop | 10 |
| Minimap ping | 3 |
| Remove unit | 2 |



| Staff of Sanctuary | 2 | 500 |
| Staff of Teleportation | 2 | 300 |
| Boots of Speed | 1 | 250 |
| total: | 5 | 1050g |
| Peasant | 19 | 1425 | / | 0 |
| Dragonhawk Rider | 3 | 600 | / | 90 |
| total: | 22 | 2025g | / | 90w |
| Scout Tower | 127 | 3810 | / | 2540 |
| Arcane Tower | 3 | 210 | / | 150 |
| Guard Tower | 67 | 4690 | / | 3350 |
| Altar of Kings | 1 | 180 | / | 50 |
| Farm | 8 | 640 | / | 160 |
| Lumber Mill | 1 | 120 | / | 0 |
| Arcane Vault | 6 | 780 | / | 180 |
| Barracks | 1 | 160 | / | 60 |
| Blacksmith | 1 | 140 | / | 60 |
| Gryphon Aviary | 2 | 280 | / | 300 |
| Arcane Sanctum | 1 | 150 | / | 140 |
| Keep | 1 | 320 | / | 210 |
| Castle | 1 | 360 | / | 210 |
| total: | 148 | 6260g | / | 3490w |
| 0:00 | Peasant |
| 0:03 | Altar of Kings |
| 0:11 | Peasant |
| 0:16 | Farm |
| 0:26 | Peasant |
| 0:42 | Peasant |
| 0:56 | Peasant |
| 1:03 | Farm |
| 1:09 | Scout Tower |
| 1:10 | Scout Tower |
| 1:12 | Peasant |
| 1:23 | Peasant |
| 1:27 | Scout Tower |
| 1:34 | Arcane Tower |
| 1:37 | Peasant |
| 1:44 | Peasant |
| 1:45 | Scout Tower |
| 1:47 | Scout Tower |
| 1:53 | Scout Tower |
| 1:56 | Arcane Tower |
| 2:01 | Arcane Tower |
| 2:03 | Peasant |
| 2:27 | Lumber Mill |
| 2:45 | Scout Tower |
| 2:47 | Scout Tower |
| 2:49 | Scout Tower |
| 2:50 | Peasant |
| 2:52 | Peasant |
| 2:54 | Blizzard |
| 2:57 | Guard Tower |
| 2:58 | Scout Tower |
| 3:00 | Guard Tower |
| 3:01 | Guard Tower |
| 3:02 | Scout Tower |
| 3:22 | Guard Tower |
| 3:23 | Scout Tower |
| 3:31 | Guard Tower |
| 3:32 | Scout Tower |
| 3:34 | Scout Tower |
| 3:35 | Scout Tower |
| 3:36 | Guard Tower |
| 3:38 | Peasant |
| 3:45 | Peasant |
| 3:58 | Improved Masonry |
| 3:59 | Peasant |
| 4:02 | Guard Tower |
| 4:04 | Scout Tower |
| 4:05 | Guard Tower |
| 4:05 | Guard Tower |
| 4:07 | Guard Tower |
| 4:09 | Staff of Teleportation |
| 4:13 | Scout Tower |
| 4:14 | Scout Tower |
| 4:24 | Scout Tower |
| 4:25 | Scout Tower |
| 4:28 | Guard Tower |
| 4:29 | Scout Tower |
| 4:33 | Scout Tower |
| 4:33 | Scout Tower |
| 4:35 | Scout Tower |
| 4:35 | Scout Tower |
| 4:41 | Guard Tower |
| 4:43 | Guard Tower |
| 4:49 | Scout Tower |
| 4:50 | Scout Tower |
| 4:54 | Keep |
| 5:08 | Guard Tower |
| 5:08 | Guard Tower |
| 5:09 | Scout Tower |
| 5:11 | Scout Tower |
| 5:12 | Scout Tower |
| 5:13 | Scout Tower |
| 5:18 | Guard Tower |
| 5:25 | Guard Tower |
| 5:40 | Scout Tower |
| 5:41 | Scout Tower |
| 5:43 | Guard Tower |
| 5:47 | Scout Tower |
| 5:48 | Scout Tower |
| 5:56 | Guard Tower |
| 5:57 | Guard Tower |
| 6:13 | Guard Tower |
| 6:14 | Guard Tower |
| 6:18 | Guard Tower |
| 6:45 | Scout Tower |
| 6:46 | Scout Tower |
| 6:47 | Scout Tower |
| 6:50 | Guard Tower |
| 6:51 | Guard Tower |
| 6:52 | Scout Tower |
| 6:52 | Scout Tower |
| 7:03 | Scout Tower |
| 7:04 | Scout Tower |
| 7:07 | Scout Tower |
| 7:07 | Scout Tower |
| 7:12 | Brilliance Aura |
| 7:30 | Farm |
| 7:30 | Farm |
| 7:41 | Guard Tower |
| 7:43 | Scout Tower |
| 7:44 | Scout Tower |
| 8:40 | Guard Tower |
| 8:43 | Arcane Vault |
| 9:07 | Castle |
| 9:08 | Advanced Masonry |
| 9:28 | Guard Tower |
| 9:31 | Scout Tower |
| 9:32 | Scout Tower |
| 9:32 | Scout Tower |
| 9:34 | Scout Tower |
| 9:35 | Scout Tower |
| 9:36 | Scout Tower |
| 10:07 | Guard Tower |
| 10:11 | Scout Tower |
| 10:12 | Scout Tower |
| 10:13 | Scout Tower |
| 10:13 | Scout Tower |
| 10:27 | Blizzard |
| 10:52 | Scout Tower |
| 10:53 | Scout Tower |
| 10:59 | Storm Bolt |
| 11:49 | Guard Tower |
| 11:55 | Scout Tower |
| 11:56 | Scout Tower |
| 11:56 | Scout Tower |
| 11:58 | Guard Tower |
| 11:59 | Scout Tower |
| 12:00 | Scout Tower |
| 12:02 | Guard Tower |
| 12:03 | Scout Tower |
| 12:04 | Scout Tower |
| 12:05 | Guard Tower |
| 12:06 | Scout Tower |
| 12:07 | Scout Tower |
| 12:08 | Scout Tower |
| 12:10 | Scout Tower |
| 12:11 | Scout Tower |
| 12:21 | Staff of Teleportation |
| 12:22 | Boots of Speed |
| 12:39 | Arcane Vault |
| 12:41 | Arcane Vault |
| 12:41 | Arcane Vault |
| 12:43 | Guard Tower |
| 12:56 | Staff of Sanctuary |
| 12:56 | Staff of Sanctuary |
| 13:05 | Guard Tower |
| 13:08 | Scout Tower |
| 13:15 | Guard Tower |
| 13:19 | Imbued Masonry |
| 13:20 | Peasant |
| 13:20 | Peasant |
| 13:38 | Guard Tower |
| 13:39 | Scout Tower |
| 13:40 | Scout Tower |
| 13:41 | Scout Tower |
| 13:42 | Scout Tower |
| 13:42 | Guard Tower |
| 14:29 | Guard Tower |
| 14:34 | Guard Tower |
| 14:36 | Arcane Vault |
| 14:37 | Arcane Vault |
| 14:48 | Guard Tower |
| 15:46 | Scout Tower |
| 15:46 | Scout Tower |
| 15:59 | Gryphon Aviary |
| 15:59 | Gryphon Aviary |
| 16:07 | Barracks |
| 16:07 | Blacksmith |
| 16:09 | Farm |
| 16:09 | Farm |
| 16:11 | Peasant |
| 16:11 | Peasant |
| 16:16 | Scout Tower |
| 16:17 | Scout Tower |
| 16:24 | Arcane Sanctum |
| 16:37 | Farm |
| 16:45 | Scout Tower |
| 16:45 | Scout Tower |
| 16:46 | Scout Tower |
| 16:49 | Guard Tower |
| 16:49 | Guard Tower |
| 17:35 | Improved Lumber Harvesting |
| 17:36 | Studded Leather Armor |
| 17:37 | Animal War Training |
| 17:38 | Farm |
| 17:50 | Bash |
| 18:04 | Dragonhawk Rider |
| 18:06 | Dragonhawk Rider |
| 18:09 | Scout Tower |
| 18:10 | Scout Tower |
| 18:49 | Magic Sentry |
| 18:51 | Reinforced Leather Armor |
| 18:58 | Guard Tower |
| 19:02 | Scout Tower |
| 19:02 | Scout Tower |
| 19:02 | Scout Tower |
| 19:03 | Scout Tower |
| 19:25 | Brilliance Aura |
| 19:54 | Holy Light |
| 20:05 | Storm Bolt |
| 20:20 | Dragonhide Armor |
| 20:45 | Guard Tower |
| 20:47 | Scout Tower |
| 20:47 | Scout Tower |
| 20:48 | Scout Tower |
| 20:48 | Scout Tower |
| 20:49 | Guard Tower |
| 20:51 | Guard Tower |
| 20:52 | Scout Tower |
| 20:53 | Scout Tower |
| 20:53 | Scout Tower |
| 20:54 | Scout Tower |
| 20:54 | Scout Tower |
| 22:07 | Bash |
| 22:09 | Divine Shield |
| 22:30 | Guard Tower |
| 22:34 | Scout Tower |
| 22:34 | Scout Tower |
| 22:35 | Scout Tower |
| 22:35 | Scout Tower |
| 22:40 | Guard Tower |
| 23:23 | Guard Tower |
| 23:53 | Cloud |
| 24:10 | Dragonhawk Rider |
| 24:12 | Iron Forged Swords |
| 24:14 | Blizzard |
| 24:24 | Scout Tower |
| 24:24 | Scout Tower |
| 24:29 | Scout Tower |
| 24:29 | Scout Tower |
| 25:05 | Guard Tower |
| 25:06 | Scout Tower |
| 25:07 | Scout Tower |
| 25:08 | Scout Tower |
| 25:08 | Scout Tower |
| 25:25 | Scout Tower |
| 25:46 | Guard Tower |
| 25:50 | Scout Tower |
| 25:51 | Scout Tower |
| 26:17 | Guard Tower |
| 26:19 | Scout Tower |
| 26:20 | Scout Tower |
| 26:34 | Guard Tower |
| 26:39 | Scout Tower |
| 26:40 | Scout Tower |
| 26:41 | Scout Tower |
| 26:54 | Guard Tower |
| 26:55 | Scout Tower |
| 26:56 | Scout Tower |
| 26:56 | Scout Tower |
| 26:58 | Guard Tower |
| 26:58 | Guard Tower |
| 27:04 | Scout Tower |
| 27:05 | Scout Tower |
| 27:07 | Scout Tower |
| 27:19 | Guard Tower |
| 27:30 | Guard Tower |
| 27:45 | Guard Tower |
| 27:47 | Guard Tower |
| 28:05 | Guard Tower |
| 28:10 | Guard Tower |
| 28:16 | Guard Tower |
| 28:18 | Scout Tower |
| 28:20 | Scout Tower |
| 28:30 | Scout Tower |
| 28:31 | Scout Tower |
| 28:48 | Guard Tower |
| Right click | 1242 |
| Select | 692 |
| Select group | 428 |
| Assign group | 223 |
| Build/train/purchase | 175 |
| Use ability | 88 |
| Chat | 32 |
| Minimap ping | 28 |
| Misc. action | 3 |
| Item give/drop | 3 |
| Remove unit | 1 |



x1)
| Orb of Corruption | 4 | 1500 |
| Staff of Teleportation | 2 | 300 |
| Boots of Speed | 4 | 1000 |
| Circlet of Nobility | 1 | 175 |
| Tome of Retraining | 1 | 300 |
| total: | 12 | 3275g |
| Acolyte | 3 | 225 | / | 0 |
| Ghoul | 3 | 360 | / | 0 |
| Obsidian Statue | 2 | 400 | / | 70 |
| Gargoyle | 8 | 1400 | / | 240 |
| total: | 16 | 2385g | / | 310w |
| Nerubian Tower | 4 | 400 | / | 80 |
| Spirit Tower | 1 | 145 | / | 40 |
| Altar of Darkness | 2 | 360 | / | 100 |
| Crypt | 3 | 600 | / | 150 |
| Ziggurat | 7 | 1050 | / | 350 |
| Graveyard | 1 | 215 | / | 0 |
| Necropolis | 4 | 900 | / | 0 |
| Tomb of Relics | 5 | 650 | / | 150 |
| Slaughterhouse | 1 | 140 | / | 135 |
| Halls of the Dead | 1 | 320 | / | 210 |
| Black Citadel | 1 | 325 | / | 230 |
| total: | 23 | 3915g | / | 885w |
| 0:05 | Acolyte |
| 0:08 | Altar of Darkness |
| 0:10 | Crypt |
| 0:13 | Crypt |
| 0:18 | Acolyte |
| 0:23 | Ziggurat |
| 0:51 | Graveyard |
| 1:13 | Ziggurat |
| 1:16 | Ghoul |
| 1:24 | Nerubian Tower |
| 1:36 | Ghoul |
| 1:50 | Acolyte |
| 1:57 | Ghoul |
| 2:13 | Death Coil |
| 2:23 | Necropolis |
| 3:24 | Necropolis |
| 3:27 | Necropolis |
| 3:59 | Halls of the Dead |
| 4:26 | Spirit Tower |
| 4:35 | Staff of Teleportation |
| 4:35 | Boots of Speed |
| 4:36 | Circlet of Nobility |
| 5:05 | Tomb of Relics |
| 6:16 | Unholy Aura |
| 6:34 | Black Citadel |
| 6:57 | Slaughterhouse |
| 7:23 | Frost Nova |
| 7:48 | Tomb of Relics |
| 7:49 | Tomb of Relics |
| 8:24 | Tomb of Relics |
| 8:29 | Obsidian Statue |
| 8:29 | Obsidian Statue |
| 9:21 | Tomb of Relics |
| 9:34 | Orb of Corruption |
| 9:34 | Orb of Corruption |
| 10:16 | Sleep |
| 10:39 | Orb of Corruption |
| 10:52 | Ziggurat |
| 10:56 | Ziggurat |
| 11:33 | Death Coil |
| 11:51 | Nerubian Tower |
| 11:53 | Nerubian Tower |
| 11:59 | Ziggurat |
| 12:00 | Ziggurat |
| 12:02 | Ziggurat |
| 12:29 | Frost Armor |
| 12:37 | Boots of Speed |
| 12:45 | Tome of Retraining |
| 12:45 | Retrain Hero |
| 12:47 | Carrion Swarm |
| 14:09 | Orb of Corruption |
| 14:20 | Altar of Darkness |
| 15:32 | Vampiric Aura |
| 15:52 | Crypt |
| 16:13 | Staff of Teleportation |
| 16:13 | Boots of Speed |
| 16:14 | Boots of Speed |
| 18:00 | Gargoyle |
| 18:01 | Gargoyle |
| 18:01 | Gargoyle |
| 18:01 | Gargoyle |
| 18:02 | Gargoyle |
| 18:09 | Nerubian Tower |
| 19:07 | Unholy Aura |
| 19:08 | Frost Nova |
| 19:10 | Carrion Swarm |
| 19:31 | Gargoyle |
| 19:33 | Creature Attack |
| 21:25 | Frost Armor |
| 21:34 | Vampiric Aura |
| 21:53 | Death Coil |
| 22:34 | Gargoyle |
| 22:34 | Gargoyle |
| 22:36 | Improved Creature Attack |
| 24:13 | Advanced Creature Attack |
| 24:14 | Creature Carapace |
| 24:40 | Necropolis |
| 25:48 | Carrion Swarm |
| 26:19 | Frost Nova |
| 28:16 | Unholy Aura |
| Right click | 1688 |
| Select group | 1356 |
| Select | 189 |
| Build/train/purchase | 119 |
| Use ability | 117 |
| Misc. action | 98 |
| Resource trade | 27 |
| Chat | 23 |
| Assign group | 22 |
| Minimap ping | 16 |
| Item give/drop | 7 |
114 units @ 17.3k
/ 2.1k
43 buildings @ 6.8k
/ 2.7k

| Wisp | 14 | 840 | / | 0 |
| Chimaera | 13 | 4290 | / | 910 |
| Crypt Fiend | 3 | 645 | / | 120 |
| Peon | 13 | 975 | / | 0 |
| total: | 43 | 6750g | / | 1030w |
| Ancient Protector | 1 | 135 | / | 80 |
| Altar of Elders | 1 | 180 | / | 50 |
| Moon Well | 7 | 1260 | / | 280 |
| Hunter's Hall | 1 | 210 | / | 100 |
| Chimaera Roost | 2 | 280 | / | 380 |
| Tree of Ages | 1 | 320 | / | 180 |
| Tree of Eternity | 1 | 330 | / | 200 |
| Watch Tower | 4 | 440 | / | 320 |
| Spirit Tower | 1 | 145 | / | 40 |
| total: | 16 | 2505g | / | 1210w |
| 0:05 | Wisp |
| 0:05 | Wisp |
| 0:05 | Wisp |
| 0:06 | Wisp |
| 0:06 | Wisp |
| 0:23 | Altar of Elders |
| 0:29 | Moon Well |
| 0:33 | Moon Well |
| 1:04 | Wisp |
| 1:05 | Wisp |
| 1:19 | Moon Well |
| 2:05 | Tree of Ages |
| 2:27 | Force of Nature |
| 2:39 | Hunter's Hall |
| 3:48 | Ancient Protector |
| 4:29 | Wisp |
| 4:29 | Wisp |
| 4:29 | Wisp |
| 4:29 | Wisp |
| 5:11 | Tree of Eternity |
| 5:19 | Moon Well |
| 5:20 | Moon Well |
| 5:21 | Moon Well |
| 5:22 | Moon Well |
| 5:48 | Strength of the Wild |
| 6:39 | Thorns Aura |
| 6:48 | Improved Strength of the Wild |
| 7:20 | Reinforced Hides |
| 7:34 | Chimaera Roost |
| 7:35 | Chimaera Roost |
| 8:30 | Wisp |
| 8:30 | Wisp |
| 8:31 | Wisp |
| 9:15 | Chimaera |
| 9:34 | Advanced Strength of the Wild |
| 9:52 | Chimaera |
| 9:54 | Chimaera |
| 10:16 | Improved Reinforced Hides |
| 11:18 | Entangling Roots |
| 11:49 | Corrosive Breath |
| 12:25 | Advanced Reinforced Hides |
| 14:08 | Ultravision |
| 14:21 | Chimaera |
| 14:26 | Chimaera |
| 15:18 | Chimaera |
| 19:17 | Chimaera |
| 19:17 | Chimaera |
| 20:31 | Chimaera |
| 24:28 | Spirit Tower |
| 25:08 | Chimaera |
| 25:08 | Chimaera |
| 25:08 | Chimaera |
| 25:08 | Chimaera |
| 25:10 | Crypt Fiend |
| 25:10 | Crypt Fiend |
| 25:10 | Crypt Fiend |
| 26:42 | Peon |
| 26:42 | Peon |
| 26:42 | Peon |
| 26:42 | Peon |
| 26:42 | Peon |
| 26:42 | Peon |
| 26:45 | Peon |
| 26:45 | Peon |
| 26:45 | Peon |
| 26:45 | Peon |
| 26:45 | Peon |
| 26:45 | Peon |
| 26:46 | Peon |
| 27:09 | Watch Tower |
| 27:09 | Watch Tower |
| 27:10 | Watch Tower |
| 27:10 | Watch Tower |
| Right click | 871 |
| Select | 336 |
| Select group | 182 |
| Build/train/purchase | 65 |
| Chat | 47 |
| Use ability | 17 |
| Minimap ping | 10 |
| Assign group | 7 |
| Remove unit | 3 |

| Healing Salve | 1 | 100 |
| Lesser Clarity Potion | 3 | 210 |
| Scroll of Speed | 1 | 50 |
| Tiny Great Hall | 1 | 600 |
| Potion of Healing | 1 | 150 |
| total: | 7 | 1110g |
| Peon | 16 | 1200 | / | 0 |
| Grunt | 11 | 2200 | / | 0 |
| Wind Rider | 3 | 795 | / | 120 |
| Troll Batrider | 4 | 640 | / | 160 |
| total: | 34 | 4835g | / | 280w |
| Watch Tower | 3 | 330 | / | 240 |
| Altar of Storms | 1 | 180 | / | 50 |
| Orc Burrow | 6 | 960 | / | 240 |
| Barracks | 1 | 180 | / | 50 |
| Voodoo Lounge | 1 | 130 | / | 30 |
| War Mill | 1 | 205 | / | 0 |
| Beastiary | 2 | 290 | / | 280 |
| Stronghold | 1 | 315 | / | 190 |
| Fortress | 1 | 325 | / | 190 |
| total: | 15 | 2275g | / | 890w |
| 0:06 | Peon |
| 0:06 | Peon |
| 0:12 | Altar of Storms |
| 0:18 | Orc Burrow |
| 0:24 | Peon |
| 0:39 | Barracks |
| 0:48 | Peon |
| 1:05 | Peon |
| 1:27 | Peon |
| 1:40 | Voodoo Lounge |
| 1:41 | Grunt |
| 1:49 | Peon |
| 2:03 | Orc Burrow |
| 2:13 | Serpent Ward |
| 2:46 | Healing Salve |
| 2:46 | Lesser Clarity Potion |
| 2:52 | Grunt |
| 3:18 | Peon |
| 3:26 | Scroll of Speed |
| 3:45 | War Mill |
| 3:46 | Grunt |
| 4:11 | Grunt |
| 4:37 | Grunt |
| 5:28 | Watch Tower |
| 5:31 | Watch Tower |
| 5:33 | Watch Tower |
| 5:36 | Stronghold |
| 5:47 | Orc Burrow |
| 6:05 | Healing Wave |
| 6:11 | Grunt |
| 6:47 | Orc Burrow |
| 6:49 | Grunt |
| 7:54 | Grunt |
| 7:55 | Grunt |
| 8:03 | Berserker Strength |
| 8:03 | Grunt |
| 8:43 | Grunt |
| 8:46 | Fortress |
| 8:48 | Reinforced Defenses |
| 9:28 | Beastiary |
| 9:30 | Beastiary |
| 10:38 | Steel Armor |
| 10:44 | Wind Rider |
| 11:06 | Healing Wave |
| 11:51 | Liquid Fire |
| 11:52 | Troll Batrider |
| 11:53 | Troll Batrider |
| 12:04 | Thorium Armor |
| 12:23 | Troll Batrider |
| 12:26 | Tiny Great Hall |
| 12:26 | Potion of Healing |
| 12:27 | Lesser Clarity Potion |
| 13:10 | Peon |
| 13:10 | Peon |
| 13:10 | Peon |
| 13:10 | Peon |
| 13:10 | Peon |
| 13:14 | Troll Batrider |
| 14:25 | Peon |
| 14:29 | Wind Rider |
| 14:30 | Envenomed Spears |
| 14:33 | Steel Ranged Weapons |
| 14:34 | Lesser Clarity Potion |
| 15:24 | Wind Rider |
| 15:27 | Orc Burrow |
| 15:42 | Peon |
| 15:43 | Peon |
| 16:03 | Thorium Ranged Weapons |
| 16:31 | Orc Burrow |
| 16:36 | Serpent Ward |
| Right click | 544 |
| Select | 227 |
| Build/train/purchase | 62 |
| Use ability | 42 |
| Misc. action | 4 |
| Resource trade | 4 |
| Remove unit | 3 |
| Minimap ping | 1 |


| Acolyte | 2 | 150 | / | 0 |
| Ghoul | 3 | 360 | / | 0 |
| Crypt Fiend | 17 | 3655 | / | 680 |
| Banshee | 5 | 775 | / | 150 |
| Peon | 10 | 750 | / | 0 |
| total: | 37 | 5690g | / | 830w |
| Graveyard | 1 | 215 | / | 0 |
| Crypt | 2 | 400 | / | 100 |
| Ziggurat | 7 | 1050 | / | 350 |
| Altar of Darkness | 1 | 180 | / | 50 |
| Temple of the Damned | 1 | 155 | / | 140 |
| Halls of the Dead | 2 | 640 | / | 420 |
| Black Citadel | 1 | 325 | / | 230 |
| total: | 12 | 2000g | / | 640w |
| 0:07 | Acolyte |
| 0:07 | Acolyte |
| 0:27 | Graveyard |
| 0:31 | Crypt |
| 0:45 | Ziggurat |
| 1:02 | Altar of Darkness |
| 1:34 | Ghoul |
| 1:34 | Ghoul |
| 1:37 | Ghoul |
| 2:30 | Crypt Fiend |
| 2:35 | Ziggurat |
| 2:37 | Crypt Fiend |
| 3:06 | Ziggurat |
| 3:27 | Crypt Fiend |
| 3:44 | Black Arrow |
| 4:04 | Crypt Fiend |
| 4:11 | Crypt |
| 4:14 | Ziggurat |
| 4:47 | Halls of the Dead |
| 5:18 | Crypt Fiend |
| 5:38 | Crypt Fiend |
| 6:17 | Crypt Fiend |
| 6:34 | Crypt Fiend |
| 7:03 | Creature Attack |
| 7:06 | Crypt Fiend |
| 7:43 | Silence |
| 8:43 | Web |
| 8:43 | Crypt Fiend |
| 9:12 | Temple of the Damned |
| 9:14 | Ziggurat |
| 9:15 | Ziggurat |
| 9:33 | Creature Carapace |
| 10:05 | Crypt Fiend |
| 10:12 | Black Arrow |
| 10:24 | Crypt Fiend |
| 10:26 | Burrow |
| 10:57 | Crypt Fiend |
| 11:44 | Banshee |
| 11:44 | Banshee Adept Training |
| 12:20 | Summon Lava Spawn |
| 12:38 | Banshee |
| 13:42 | Crypt Fiend |
| 13:49 | Ziggurat |
| 15:54 | Black Citadel |
| 16:45 | Silence |
| 16:54 | Soul Burn |
| 18:31 | Peon |
| 18:31 | Peon |
| 18:32 | Peon |
| 18:32 | Peon |
| 18:33 | Peon |
| 18:56 | Peon |
| 18:56 | Peon |
| 18:57 | Peon |
| 18:57 | Peon |
| 18:58 | Peon |
| 19:03 | Banshee |
| 19:03 | Banshee |
| 19:05 | Crypt Fiend |
| 19:06 | Crypt Fiend |
| 19:07 | Crypt Fiend |
| 19:50 | Banshee |
| 20:46 | Banshee Master Training |
| Select group | 533 |
| Right click | 478 |
| Select | 333 |
| Misc. action | 160 |
| Build/train/purchase | 75 |
| Assign group | 38 |
| Minimap ping | 32 |
| Use ability | 12 |
| Resource trade | 10 |